Map: Odyssey LE

Players

SamuraiFunn - Winner!

  • Race: Protoss Protoss
  • Spawn Location: 5:00

A.I. 1 (Elite)

  • Race: Protoss Protoss
  • Spawn Location: 11:00

VOD

Have the link to the VOD?

Description

Time

  • Played on: Nov. 25, 2017, 11:21 a.m.
  • Length: 13:57
Show
View Real Time Build Order
Export as new Build Order

SamuraiFunn Protoss - Winner!

Build Orders: 1 Gate Expand 

Get SALT Encoding   

  12  0:01  Probe  
  13  0:13  Probe  
  14  0:22  Pylon  
  14  0:25  Probe  
  15  0:40  Probe  
  16  0:43  Gateway  
  16  0:53  Probe  
  17  1:03  Assimilator  
  17  1:05  Probe (Chrono Boost)  
  18  1:17  Probe (Chrono Boost)  
  19  1:24  Probe (Chrono Boost)  
  20  1:26  Nexus  
  20  1:44  Probe  
  20  1:46  Cybernetics Core  
  21  1:48  Assimilator  
  21  1:55  Pylon  
  21  1:56  Probe  
  22  2:08  Probe  
  23  2:21  Probe  
  24  2:30  Warp Gate (Chrono Boost)  
  24  2:33  Probe  
  24  2:35  Assimilator  
  25  2:37  Pylon  
  25  2:50  Probe x2  
  25  2:51  Twilight Council  
  27  2:56  Assimilator  
  27  3:02  Probe x2  
  29  3:16  Probe x2  
  31  3:23  Gateway  
  31  3:24  Gateway  
  31  3:28  Probe  
  31  3:29  Gateway  
  32  3:39  Probe  
  33  3:45  Probe  
  34  3:52  Probe  
  35  4:01  Dark Shrine  
  35  4:05  Probe x2  
  35  4:06  Pylon  
  37  4:31  Pylon  
  37  4:35  Probe x2  
  39  4:47  Probe x2  
  39  4:51  Gateway  
  39  4:52  Gateway  
  41  4:59  Probe x2  
  43  5:04  Forge  
  43  5:11  Probe x2  
  45  5:16  Dark Templar x2  
  45  5:17  Dark Templar x2  
  53  5:32  Probe x2  
  55  5:44  Gateway  
  55  5:47  Photon Cannon  
  55  5:49  Photon Cannon  
  51  5:51  Photon Cannon  
  51  5:55  Dark Templar x4  
  55  6:04  Dark Templar x2  
  57  6:10  Shadow Stride (Chrono Boost)  
  59  6:28  Dark Templar x4  
  59  7:02  Dark Templar x3  
  59  7:04  Zealot  
  59  7:05  Zealot  
  59  7:19  Protoss Ground Weapons Level 1  
  59  7:21  Charge (Chrono Boost)  
  49  7:32  Dark Templar  
  49  7:47  Nexus  
  49  7:48  Probe x2, Pylon  
  49  7:50  Pylon  
  51  7:52  Pylon  
  51  7:54  Zealot x3  
  51  7:55  Assimilator, Zealot x2  
  61  8:01  Assimilator  
  61  8:19  Pylon  
  61  8:21  Stalker x2  
  61  8:22  Pylon, Stalker x3  
  61  8:23  Stalker  
  73  8:34  Templar Archives  
  73  8:38  Forge  
  73  8:45  Pylon, Stalker x3  
  73  8:46  Stalker x2  
  83  8:50  Pylon  
  83  8:54  Pylon  
  83  8:57  Probe x2  
  85  9:08  Probe  
  85  9:09  Probe x2  
  88  9:15  Stalker x2  
  88  9:16  Stalker  
  94  9:17  Stalker  
  94  9:20  Probe  
  97  9:26  Probe  
  97  9:27  Probe  
  97  9:31  Stalker x2  
  103  9:36  High Templar  
  105  9:45  Blink (Chrono Boost)  
  105  9:50  Protoss Ground Armor Level 1  
  105  10:07  High Templar  
  105  10:10  Zealot x4  
  105  10:11  Zealot x2  
  119  10:32  Probe x3  
  122  10:40  Stalker  
  122  10:41  Stalker  
  126  10:43  Stalker x3  
  126  10:44  Stalker  
  126  10:49  High Templar  
  136  11:01  Nexus  
  136  11:03  Pylon x2  
  136  11:06  High Templar x2, Pylon  
  136  11:07  High Templar  
  142  11:12  Stalker x3  
  148  11:33  Psionic Storm  
  140  11:44  Protoss Shields Level 1  
  130  11:58  Archon x2  
  130  11:59  Archon  
  128  13:02  Stalker x2  
  128  13:03  Stalker x4  
Show
View Real Time Build Order
Export as new Build Order

A.I. 1 (Elite) Protoss 

Build Orders:  

Get SALT Encoding   

  12  0:00  Probe  
  13  0:13  Probe  
  14  0:19  Pylon  
  14  0:25  Probe  
  15  0:37  Probe  
  15  0:40  Gateway  
  16  0:49  Probe, Assimilator  
  17  1:01  Probe  
  17  1:02  Pylon  
  18  1:13  Probe  
  19  1:25  Probe  
  19  1:30  Zealot  
  19  1:32  Cybernetics Core  
  22  1:37  Probe  
  23  1:50  Probe  
  24  1:56  Gateway  
  24  1:58  Pylon  
  24  2:00  Zealot  
  26  2:02  Probe  
  27  2:27  Nexus  
  27  2:30  Probe  
  27  2:33  Warp Gate  
  28  2:41  Assimilator  
  28  2:42  Probe  
  29  2:50  Adept  
  31  2:54  Probe  
  31  2:55  Adept  
  34  3:05  Pylon  
  34  3:06  Probe  
  35  3:17  Adept  
  35  3:18  Probe  
  38  3:23  Stalker  
  40  3:31  Probe  
  41  3:39  Probe  
  42  3:43  Probe  
  42  3:46  Robotics Facility  
  43  3:51  Probe  
  43  3:55  Probe  
  45  3:56  Adept  
  47  4:03  Probe  
  47  4:07  Probe  
  49  4:10  Forge  
  49  4:15  Probe  
  50  4:24  Adept  
  50  4:26  Probe  
  50  4:28  Probe  
  54  4:34  Observer, Pylon  
  54  4:38  Probe  
  56  4:40  Probe  
  57  4:46  Photon Cannon  
  57  4:49  Photon Cannon  
  57  4:50  Stalker  
  59  4:55  Probe, Immortal  
  59  4:57  Probe  
  59  4:59  Pylon  
  65  5:01  Stalker  
  67  5:07  Probe  
  67  5:09  Probe  
  69  5:14  Robotics Facility  
  69  5:17  Stalker  
  71  5:23  Probe  
  71  5:25  Sentry  
  71  5:27  Pylon  
  75  5:28  Probe  
  75  5:31  Twilight Council  
  75  5:35  Probe  
  76  5:40  Probe  
  70  5:47  Probe  
  64  5:52  Probe  
  63  5:59  Probe  
  64  6:04  Probe  
  64  6:07  Gateway  
  64  6:09  Templar Archives  
  65  6:11  Probe  
  65  6:17  Probe  
  67  6:23  Probe  
  67  6:25  Assimilator  
  68  6:29  Probe  
  55  6:35  Probe  
  48  6:41  Probe  
  48  6:46  High Templar  
  44  6:47  Probe, Assimilator  
  38  7:00  Probe  
  37  7:12  Probe  
  35  7:24  Probe  
  34  7:57  Nexus  
  34  8:03  Probe  
  35  8:15  Probe  
  35  8:19  High Templar  
  38  8:27  Probe  
  39  8:39  Probe  
  40  8:41  Archon  
  40  8:51  Probe, High Templar  
  43  9:03  Probe  
  43  9:08  Probe  
  45  9:15  Probe  
  46  9:20  Probe  
  46  9:21  High Templar  
  49  9:27  Probe  
  50  9:33  Probe, Stalker  
  53  9:39  Probe  
  53  9:42  Archon  
  53  9:45  Probe  
  55  9:56  High Templar  
  55  9:59  Zealot  
  59  10:02  Probe  
  59  10:05  Probe  
  61  10:14  High Templar, Probe  
  61  10:17  Probe  
  65  10:25  Sentry  
  65  10:27  Probe  
  68  10:29  Probe  
  68  10:30  Stalker  
  71  10:37  Archon  
  71  10:39  Probe  
  71  10:41  Probe  
  73  10:47  High Templar  
  75  10:51  Probe  
  75  10:53  Pylon  
  75  10:54  Probe  
  77  10:58  High Templar  
  77  11:02  Stalker  
  77  11:03  Probe  
  82  11:06  Probe  
  83  11:15  Probe  
  84  11:19  Archon, Stalker  
  84  11:23  Probe, Pylon  
  87  11:25  High Templar  
  87  11:27  Probe  
  90  11:35  Probe, High Templar  
  90  11:39  Probe  
  76  11:42  Stalker  
  60  11:54  Archon  
  52  11:58  High Templar  
  52  12:00  Probe  
  55  12:04  Probe  
  55  12:05  Zealot  
  55  12:08  High Templar  
  56  12:25  Zealot  
  46  12:30  Stalker  
  48  12:40  Stalker  
  47  12:45  Zealot  
  42  12:53  Adept  
  30  13:03  Zealot  
  24  13:05  Zealot  
  24  13:11  Probe, Pylon  
  19  13:13  High Templar  
  19  13:16  Pylon  
  21  13:23  Zealot  
  21  13:25  Twilight Council  
Tags
 
Matchup
PvP
Replay Pack
First 100 games
Spawn Locations
Cross Positions
Add a new tag
Caveats
  • Supply blocks, unpowered buildings, or Contaminate may cause inaccurate times.
  • Supply counts are checked every 10 seconds.